 Dungeon Crawl Stone Soup version 0.23-a0-417-gf02c810 (webtiles) character file.

5598 smeego the Carver (level 10, -1/68 HPs)
             Began as an Octopode Fighter on Nov 11, 2018.
             Was a Priest of Dithmenos.
             Slain by a yak (15 damage)
             ... on level 10 of the Dungeon.
             The game lasted 00:14:54 (9474 turns).

smeego the Carver (Octopode Fighter)                Turns: 9474, Time: 00:14:55

Health: -1/68      AC:  1    Str: 16    XL:     10   Next: 73%
Magic:  10/13      EV: 21    Int: 11    God:    Dithmenos [***...]
Gold:   440        SH: 10    Dex: 19    Spells: 9/9 levels left

rFire    . . .     SeeInvis .   s - +7 Screaming Sword {slice, sonic wave}
rCold    . . .     Gourm    .   b - +0 shield
rNeg     + . .     Faith    .   (helmet restricted)
rPois    +         Spirit   .   (no amulet)
rElec    .         Reflect  .   F - ring of positive energy
rCorr    .         Harm     .   (no ring)
MR       .....                  (no ring)
Stlth    ++++++++..             (no ring)
HPRegen  0.21/turn              (no ring)
MPRegen  0.13/turn              (no ring)
                                (no ring)
                                (no ring)

@: agile, wreathed by umbra
A: almost no armour, stealthy swim, amphibious, 8 rings, constrict 8, camouflage
1, poison resistance, gelatinous body 1, MP-powered wands
a: Shadow Step, Renounce Religion


You were on level 10 of the Dungeon.
You worshipped Dithmenos.
Dithmenos was most pleased with you.
You were near starving.

You visited 1 branch of the dungeon, and saw 10 of its levels.

You collected 440 gold pieces.

Inventory:

Hand Weapons
 a - a +0 long sword
 e - a +1 dagger of venom
 n - a +4 dagger of freezing
 r - a +1 dagger of chaos
 s - the +7 Screaming Sword (weapon) {slice, sonic wave}
   (You found it on level 4 of the Dungeon)

   It inflicts extra damage upon your enemies.
 A - a +1 dagger of draining
 E - the +3 battleaxe "Jaorph" {antimagic, +Blink rElec Int-5 Dex+2, unknown}
   (You found it on level 9 of the Dungeon)

   It reduces the magical energy of the wielder, and disrupts the spells and
   magical abilities of those hit.
   Natural abilities and divine invocations are not affected.
   It affects your intelligence (-5).
   It affects your dexterity (+2).
   It insulates you from electricity.
   It lets you blink.
Armour
 b - a +0 shield (worn)
Magical Staves
 f - an uncursed staff of death
 B - an uncursed staff of power {unknown}
Jewellery
 y - an uncursed ring of stealth
 F - a ring of positive energy (left tentacle)
Wands
 k - a wand of polymorph (6)
 t - a wand of acid (10)
 D - a wand of clouds (4)
 G - a wand of iceblast (10)
Scrolls
 c - a scroll of fear {unknown}
 g - a scroll of noise {unknown}
 h - 3 scrolls of immolation
 j - a scroll of magic mapping
 m - 4 scrolls of remove curse
 o - a scroll of vulnerability {unknown}
 q - 2 scrolls of amnesia
 C - a scroll of identify
Potions
 i - 6 potions of magic
 l - a potion of cancellation
 p - 3 potions of might
 u - 3 potions of ambrosia
 v - a potion of mutation
 x - a potion of flight
 z - 2 potions of agility
Comestibles
 d - 23 rations


   Skills:
 + Level 6.1 Fighting
 * Level 8.0 Long Blades
 + Level 6.1 Dodging
 + Level 7.6 Stealth
 + Level 6.2 Shields
 + Level 5.1 Unarmed Combat
 + Level 4.5 Invocations
 + Level 5.0 Evocations


You had 9 spell levels left.
You didn't know any spells.
Your spell library contained the following spells:

 Spells                   Type           Power        Failure   Level  Hunger
 Sting                    Conj/Pois      #...         73%         1    ##.....
 Poisonous Vapours        Pois/Air       #.....       86%         2    ###....
 Mephitic Cloud           Conj/Pois/Air  #.......     97%         3    ####...
 Olgreb's Toxic Radiance  Pois           #.......     100%        4    #####..
 Venom Bolt               Conj/Pois      #.........   100%        5    ######.


Dungeon Overview and Level Annotations

Branches:
Dungeon (10/15)            Temple (0/1) D:7
   Lair: D:8-11         Orc: D:9-12

Altars:
Cheibriados
Dithmenos
Elyvilon
Fedhas
Gozag
Hepliaklqana
Makhleb
Okawaru
Trog
Uskayaw
Xom
Zin
The Shining One

Shops:
D:6 [


Innate Abilities, Weirdness & Mutations

You cannot wear most types of armour.
You are very stealthy in the water. (Stealth+)
You are amphibious.
You can wear up to eight rings at the same time.
You can use your tentacles to constrict eight enemies at once.
Your skin changes colour to match your surroundings (Stealth+).
Your rubbery body absorbs attacks. (AC +1, EV +1)
Your system is resistant to poisons. (rPois)
You expend magic power (3 MP) to strengthen your wands.


Message History

The kobold is engulfed in freezing vapours.
You kill the kobold!
Dithmenos accepts your kill.
The kobold is engulfed in freezing vapours.
You kill the kobold!
Dithmenos accepts your kill.
A crimson imp comes into view.
The wyvern is engulfed in freezing vapours.
The wyvern bites you!
* * * LOW HITPOINT WARNING * * *
You block the yak's attack.
The kobold is engulfed in freezing vapours.
You kill the kobold!
Dithmenos accepts your kill.
The big kobold is engulfed in freezing vapours.
The orc priest is engulfed in freezing vapours.
You feel better.
The wyvern is engulfed in freezing vapours.
The wyvern barely misses you. The yak gores you!
You die... #.## ## ...## ..# 5.K# #%. #.# #§§## #.# .# #.# ##§§§##.# YY# #.# #§§§K§.# #.# #.# #..##o§K# #.. #.# #.> ##§l§# #.# ##.# .o. #..§@###.# #..# oco

#..##.Y>..#
###..### .o #..#
##...## #....... .
.5..
#..†.#####....<..
.....
#..###..........(#
.... #..#
####..####### .##
..... #.## #.###.
#.# #.. # #.#


You could see a yak, a wyvern, a big kobold, an orc priest, a crimson imp and 2
kobolds.

Vanquished Creatures
  A two-headed ogre (D:9)
  2 hippogriffs
  Sigmund (D:3)
  A hungry ghost (D:10)
  A wyvern (D:8)
  Menkaure (D:7)
  A water moccasin (D:6)
  2 orc warriors
  3 black bears
  An ice beast (D:7)
  2 sky beasts
  2 necrophages
  3 ogres
  A phantom (D:7)
  5 centaurs
  A big kobold (D:9)
  A bullfrog (D:8)
  5 scorpions
  5 wights (D:7)
  5 howler monkeys
  8 crimson imps
  2 quasits
  3 hounds
  4 jellies
  A centaur zombie (D:7)
  3 orc wizards
  4 orc priests
  2 bullfrog skeletons
  Jessica (D:3)
  4 iguanas
  6 worker ants
  2 hound zombies (D:6)
  7 gnolls
  12 adders
  4 shadow imps
  5 oozes (D:9)
  2 adder zombies
  An adder skeleton (D:8)
  A dart slug (D:1)
  4 worms
  3 leopard geckos
  25 orcs
  5 giant cockroaches
  9 goblins
  11 hobgoblins
  9 jackals
  3 quokkas
  4 ball pythons
  16 bats
  10 frilled lizards
  A jackal zombie (D:5)
  15 kobolds
  A leopard gecko skeleton (D:4)
  A quokka zombie (D:6)
  12 rats
245 creatures vanquished.

Vanquished Creatures (others)
  A fungus (D:4)
1 creature vanquished.

Grand Total: 246 creatures vanquished

Notes
Turn   | Place    | Note
-------+----------+-------------------------------------------
     0 | D:1      | smeego the Octopode Fighter began the quest for the Orb.
     0 | D:1      | Reached XP level 1. HP: 16/16 MP: 1/1
   109 | D:1      | Reached XP level 2. HP: 17/21 MP: 2/2
   337 | D:1      | Reached skill level 1 in Stealth
   674 | D:1      | Reached XP level 3. HP: 26/26 MP: 3/3
   966 | D:2      | Found a glowing golden altar of the Shining One.
  1367 | D:2      | Reached XP level 4. HP: 30/31 MP: 4/4
  1626 | D:3      | Reached skill level 3 in Long Blades
  1626 | D:3      | Reached skill level 1 in Unarmed Combat
  1951 | D:3      | Noticed Sigmund
  1959 | D:3      | Killed Sigmund
  1959 | D:3      | Reached XP level 5. HP: 36/36 MP: 5/5
  1959 | D:3      | Reached XP level 6. HP: 42/42 MP: 6/6
  2090 | D:3      | Reached skill level 4 in Long Blades
  2161 | D:3      | Gained mutation: You expend magic power (3 MP) to
                  | strengthen your wands. [potion of mutation]
  2161 | D:3      | Gained mutation: Your system is resistant to poisons.
                  | (rPois) [potion of mutation]
  2209 | D:3      | Noticed Jessica
  2223 | D:3      | Killed Jessica
  2610 | D:4      | Reached XP level 7. HP: 47/47 MP: 7/7
  2884 | D:4      | Found a blossoming altar of Fedhas.
  2906 | D:4      | Reached skill level 1 in Evocations
  3144 | D:4      | Found a blossoming altar of Fedhas.
  3356 | D:4      | Found a shimmering altar of Xom.
  3517 | D:4      | Found a glowing silver altar of Zin.
  3570 | D:4      | Reached XP level 8. HP: 51/54 MP: 9/9
  3574 | D:4      | Reached skill level 5 in Long Blades
  3739 | D:4      | Found a shadowy altar of Dithmenos.
  3779 | D:4      | Became a worshipper of Dithmenos the Shadowed
  3872 | D:4      | Found the +7 Singing Sword {slice, sonic wave}
  4253 | D:5      | Entered Level 5 of the Dungeon
  4314 | D:5      | Reached skill level 1 in Invocations
  5100 | D:6      | Found an opulent altar of Gozag.
  5126 | D:6      | Reached skill level 5 in Stealth
  5155 | D:6      | Noticed a dagger
  5155 | D:6      | Noticed a dagger
  5156 | D:6      | Found a hide-covered altar of Uskayaw.
  5175 | D:6      | Found Yklilirch's Antique Armour Emporium.
  5246 | D:6      | Reached * piety under Dithmenos
  5836 | D:6      | Reached XP level 9. HP: 60/60 MP: 11/11
  5845 | D:6      | Reached skill level 6 in Long Blades
  5845 | D:6      | Reached skill level 5 in Dodging
  5845 | D:6      | Reached skill level 5 in Shields
  6014 | D:7      | Reached skill level 5 in Fighting
  6015 | D:7      | Found a staircase to the Ecumenical Temple.
  6499 | D:7      | Found a white marble altar of Elyvilon.
  6528 | D:7      | Noticed Menkaure
  6533 | D:7      | Killed Menkaure
  7120 | D:7      | Reached ** piety under Dithmenos
  7120 | D:7      | Reached skill level 7 in Long Blades
  7168 | D:7      | Found an iron altar of Okawaru.
  7305 | D:8      | Reached XP level 10. HP: 63/66 MP: 13/13
  7588 | D:8      | Found a burning altar of Makhleb.
  7714 | D:8      | Found a glowing silver altar of Zin.
  8465 | D:9      | Noticed a two-headed ogre
  8470 | D:9      | Killed a two-headed ogre
  8498 | D:9      | Got a pitted battleaxe
  8543 | D:9      | Found a bloodstained altar of Trog.
  8661 | D:9      | Found a hazy altar of Hepliaklqana.
  8685 | D:9      | Found a snail-covered altar of Cheibriados.
  8733 | D:9      | Reached skill level 5 in Unarmed Combat
  8943 | D:9      | Reached *** piety under Dithmenos
  9430 | D:10     | Entered Level 10 of the Dungeon
  9443 | D:10     | Reached skill level 8 in Long Blades
  9460 | D:10     | Reached skill level 5 in Evocations
  9474 | D:10     | Slain by a yak

Vault maps used:
D:1:      psy_arrival_basics, lemuel_another_geyser
D:2:      tso_metal_star
D:3:      uniq_jessica, uniq_sigmund
D:4:      old_forge, grunt_dithmenos_smoke, kennysheep_mini, led_xom_imps,
          kennysheep_mini_moat, fedhas_ov_isle_minmay
D:5:      wad_lake_hut, first_ration
D:6:      grunt_gozag_breadcrumbs, dancing_weapons_uskayaw, serial_shops, shop
D:7:      elyvilon_altar_3, okawaru_altar_gauntlet_db,
          minmay_temple_entry_steel_oval, uniq_menkaure
D:8:      nicolae_overflow_hidden_temple, basic_altar
D:9:      slow_altar_1, lemuel_crystal_altar, trog_ov_bears_minmay,
          hangedman_little_slice_of_home

Skill      XL: |  1  2  3  4  5  6  7  8  9 10 |
---------------+-------------------------------+-----
Stealth        | 1 3 4 5 6 7 |  7.6
Long Blades    | 3 4 5 7 8 |  8.0
Unarmed Combat | 1 2 3 4 5 |  5.1
Dodging        | 4 5 6 |  6.1
Shields        | 4 5 6 |  6.2
Fighting       | 4 5 6 |  6.1
Evocations     | 1 3 4 5 |  5.0
Invocations    | 2 3 4 |  4.5

Action                   |  1- 3 |  4- 6 |  7- 9 | 10-12 || total
-------------------------+-------+-------+-------+-------++-------
Melee: Long sword        |    73 |    37 |    38 |       ||   148
       Constrict         |    15 |    15 |    39 |    18 ||    87
       Tentacles         |     8 |     8 |    38 |    16 ||    70
       Punch             |       |     1 |     3 |     3 ||     7
       Dagger            |       |    19 |    20 |     1 ||    40
       Double sword      |       |       |   126 |    93 ||   219
Evoke: Wand              |       |       |     1 |     1 ||     2
  Use: Potion            |       |     3 |     3 |     4 ||    10
       Scroll            |       |     6 |     2 |     9 ||    17
 Stab: Sleeping          |    16 |     9 |    19 |    11 ||    55
       Distracted        |       |       |     2 |       ||     2
  Eat: Chunk             |     1 |     4 |    14 |     7 ||    26
Armor: Skin              |     5 |       |    10 |     3 ||    18
Dodge: Dodged            |    28 |    20 |   108 |    73 ||   229
Block: Shield            |    34 |    17 |    87 |    57 ||   195
       Rpst.: Long sword |    16 |     4 |     6 |       ||    26
       Double sword      |       |       |     9 |    10 ||    19

Table legend:
 A = Non-vault XP
 B = Vault XP
 C = Vault XP percentage of total XP
 D = Non-vault monster count
 E = Vault monster count
 F = Vault count percentage of total count
                 A         B        C        D         E       F
            +---------+---------+-------+---------+---------+-------
      Total |    6712 |    1286 |  16.1 |     208 |      37 |  15.1
            +---------+---------+-------+---------+---------+-------
        D:1 |      37 |       0 |   0.0 |      23 |       0 |   0.0
        D:2 |      57 |       0 |   0.0 |      31 |       0 |   0.0
        D:3 |     204 |     264 |  56.4 |      24 |       2 |   7.7
        D:4 |     362 |     406 |  52.9 |      15 |      17 |  53.1
        D:5 |     479 |       0 |   0.0 |      13 |       0 |   0.0
        D:6 |     794 |       0 |   0.0 |      21 |       0 |   0.0
        D:7 |    1702 |     193 |  10.2 |      32 |       7 |  17.9
        D:8 |     924 |       0 |   0.0 |      17 |       0 |   0.0
        D:9 |    1761 |     423 |  19.4 |      25 |      11 |  30.6
       D:10 |     392 |       0 |   0.0 |       7 |       0 |   0.0
            +---------+---------+-------+---------+---------+-------
